Cogmind - Beta 13 @@@ ROGUE MODE // 2024.04.02 @ 19:29:37 Player: SLUGGY Result: Destroyed by KP-GDG(R) with Subdweller Laser Performance ------------- Evolutions (0) 0 Regions Visited (3) 600 Robots Destroyed (31) 155 Value Destroyed (661) 661 Prototype IDs (0) 0 Alien Tech Used (0) 0 Bonus (0) 0 TOTAL SCORE: 1416 Bonus ------- None Cogmind --------- Core Integrity 0/250 Matter 300/300 Energy 200/200 System Corruption 0% Temperature Cool (6) Movement Walking (190) Ox1 Location -10/Subcaves Parts ------- > --- POWER (1) -------- Subdweller Power Source > --- PROPULSION (2) --- Aluminum Leg Aluminum Leg > --- UTILITY (2) ------ Large Storage Unit Signal Interpreter > --- WEAPON (2) ------- Ripper > --- INVENTORY (15) --- Cooling System Cooling System Experimental Sensor Array Seismic Detector Utility Shielding Makeshift Light Armor Plating Scrap Shield Hacking Suite Beam Rifle Barrage Gun Rocket Launcher Subdweller Shrapnel Launcher Ripper Peak State ------------ > --- POWER ------------ Light Ion Engine > --- PROPULSION ------- Aluminum Leg Aluminum Leg > --- UTILITY ---------- Large Storage Unit Signal Interpreter > --- WEAPON ----------- Beam Rifle Ripper > --- INVENTORY -------- Aluminum Leg Cooling System Cooling System Experimental Sensor Array Seismic Detector Utility Shielding Makeshift Light Armor Plating Scrap Shield Hacking Suite Beam Rifle Barrage Gun Rocket Launcher Subdweller Shrapnel Launcher Ripper [Rating: 15] Favorites ----------- Power Light Ion Engine Engine Light Ion Engine Propulsion Aluminum Leg Treads Light Treads Leg Aluminum Leg Utility Large Storage Unit Device Seismic Detector Storage Large Storage Unit Processor Signal Interpreter Weapon Light Assault Rifle Energy Gun Beam Rifle Ballistic Gun Light Assault Rifle Ballistic Cannon Light Cannon Slashing Weapon Ripper Build | -11 -10 -10 -10 ------- Run | Yrd Mat Min Sub Slots Evolved . | . . . . Power . | . . . . Propulsion . | . . . . Utility . | . . . . Weapon . | . . . . Parts Attached 20 | 7 3 7 3 Power 4 | 1 . 1 2 Engine 4 | 1 . 1 2 Core . | . . . . Reactor . | . . . . Propulsion 5 | 2 . 2 1 Treads 2 | 2 . . . Leg 3 | . . 2 1 Wheel . | . . . . Hover . | . . . . Flight . | . . . . Utility 4 | 2 2 . . Device 1 | 1 . . . Storage 2 | 1 1 . . Processor 1 | . 1 . . Hackware . | . . . . Protection . | . . . . Artifact . | . . . . Weapon 7 | 2 1 4 . Energy Gun 3 | . . 3 . Energy Cannon . | . . . . Ballistic Gun 2 | 2 . . . Ballistic Cannon 1 | . 1 . . Launcher . | . . . . Special Weapon . | . . . . Impact Weapon . | . . . . Slashing Weapon 1 | . . 1 . Piercing Weapon . | . . . . Special Melee Weapon . | . . . . Unidentified Prototypes . | . . . . Parts Lost 8 | . . 4 4 Power 2 | . . . 2 Propulsion 2 | . . 1 1 Utility . | . . . . Weapon 4 | . . 3 1 Highest Loss Streak 2 | . . 2 2 To Critical Strikes . | . . . . Average Slot Usage (%) 99 | . 100 98 99 Engine 13 | . 14 14 13 Treads 12 | . 28 14 . Leg 15 | . . 13 27 Device 3 | . 13 . . Storage 14 | . 14 14 14 Processor 10 | . . 14 14 Energy Gun 8 | . . 7 13 Ballistic Gun 7 | . 18 6 . Ballistic Cannon 6 | . 9 10 . Slashing Weapon 5 | . . 2 14 Naked Turns . | . . . . Heaviest Build 31 | 11 28 29 31 Greatest Support 40 | 40 40 40 20 Greatest Overweight (x) 2 | . . 1 2 Average Overweight (x) . | . . . 1 Largest Inventory Capacity 15 | 8 15 15 15 Average Capacity 13 | 7 11 15 15 Most Carried 15 | 5 8 14 15 Average Carried 11 | 1 6 11 14 Final Capacity 15 | 8 15 15 15 Final Carried 14 | 1 8 12 14 Class Distribution -------------------- 100% | Mutant Dominant Class ---------------- Mutant | -10/Materials Mutant | -10/Mines Mutant | -10/Subcaves Resources | -11 -10 -10 -10 ----------- Run | Yrd Mat Min Sub Matter Collected 737 | 282 139 276 40 Remotely . | . . . . Salvage Created 876 | 119 415 264 78 Parts 60 | 6 31 22 1 Haulers Intercepted . | . . . . Recyclers Shooed . | . . . . Parts Field Recycled . | . . . . Retrieved Matter . | . . . . Parts Self-Destructed 7 | . . . 7 Prevented . | . . . . Kills | -11 -10 -10 -10 ------- Run | Yrd Mat Min Sub Combat Hostiles Destroyed 22 | . 7 13 2 Guns 6 | . . 4 2 Cannons 16 | . 7 9 . Classes Destroyed 9 | 2 4 2 1 Worker 2 | . 2 . . Builder 1 | . . 1 . Tunneler 1 | 1 . . . Recycler 2 | 1 1 . . Operator 1 | . 1 . . Watcher 2 | . 2 . . Swarmer 9 | . . 9 . Grunt 12 | . 7 4 1 Subdweller 1 | . . . 1 Best Kill Streak 4 | 2 4 3 1 Combat Bots Only 4 | . 4 3 1 Max Kills in Single Turn 1 | 1 1 1 1 Gunslinging . | . . . . Exploded . | . . . . Melee . | . . . . Uniques/NPCs Destroyed . | . . . . Combat | -11 -10 -10 -10 -------- Run | Yrd Mat Min Sub Hostile Shots Fired 146 | . 39 76 31 Missed 38 | . 13 19 6 Damage Taken 1349 | . 291 547 511 Core 253 | . 45 126 82 Absorbed by Shields . | . . . . Core Remaining (%) 100 | 100 . . . Volleys Fired 131 | 6 44 49 32 Largest 2 | 2 2 2 1 Hottest 100 | 40 55 100 56 Shots Fired 199 | 12 80 75 32 Gun 130 | 12 47 39 32 Cannon 69 | . 33 36 . Launcher . | . . . . Special . | . . . . Kinetic 150 | 12 80 58 . Thermal 49 | . . 17 32 Explosive . | . . . . Electromagnetic . | . . . . Robot Hit Streak 12 | 7 6 5 12 Robot Miss Streak 6 | 1 5 6 3 Penetration Max . | . . . . Secondary Targets . | . . . . Shots Hit Robots 110 | 10 36 40 24 Core Hits 52 | 4 23 21 4 Critical Kills . | . . . . Critical Parts Destroyed 1 | . 1 . . Critical Strikes 6 | . 2 . 4 Burn 4 | . . . 4 Destroy 1 | . 1 . . Blast 1 | . 1 . . Melee Attacks 9 | . . 4 5 Impact . | . . . . Slashing 9 | . . 4 5 Piercing . | . . . . Sneak Attacks . | . . . . Combat Hostiles . | . . . . Follow-up Attacks . | . . . . Damage Inflicted 1537 | 77 542 572 346 Guns 842 | 77 160 259 346 Cannons 695 | . 382 313 . Explosions . | . . . . Melee . | . . . . Ramming . | . . . . Kinetic 1010 | 77 542 391 . Thermal 527 | . . 181 346 Explosive . | . . . . Electromagnetic . | . . . . Impact . | . . . . Slashing . | . . . . Piercing . | . . . . Highest Corruption . | . . . . Average Corruption . | . . . . Corruption Purged . | . . . . Corruption Blocked . | . . . . Overload Shots . | . . . . Overflow Damage 9 | . 9 . . Projectiles 9 | . 9 . . Explosions . | . . . . Melee . | . . . . Knockbacks 4 | . 4 . . Impact . | . . . . Kinetic 3 | . 3 . . Secondary 1 | . 1 . . Self-Inflicted Damage . | . . . . Shots . | . . . . Rammed . | . . . . Targets Rammed . | . . . . Kicked . | . . . . Crushed . | . . . . Highest Temperature 346 | . 114 346 . Average Temperature 63 | . 32 84 . Received Heat Transfer 381 | . 162 114 105 Effects 1 | . . 1 . Energy Bleed 1 | . . 1 . Siege Activations . | . . . . Robots Corrupted . | . . . . Combat Hostiles . | . . . . Parts Fried . | . . . . Impact Corruptions . | . . . . Robots Melted . | . . . . Combat Hostiles . | . . . . Parts Melted . | . . . . Heat Transferred 1628 | . . 444 1184 Parts Sabotaged . | . . . . Parts Stolen . | . . . . Parts Stripped . | . . . . Power Chain Reactions . | . . . . Alert | -11 -10 -10 -10 ------- Run | Yrd Mat Min Sub Peak Influence 242 | 10 242 173 . Initial 53 | . 6 53 . Average 45 | 5 86 24 . Maximum Alert Level 1 | . 1 . . Low Security (%) 98 | 100 96 100 . Level 1 1 | . 3 . . Level 2 . | . . . . Level 3 . | . . . . Level 4 . | . . . . Level 5 . | . . . . High Security . | . . . . Max Security . | . . . . Squads Dispatched 5 | . 5 . . Investigation 2 | . 2 . . Extermination . | . . . . Reinforcement 3 | . 3 . . Assault . | . . . . Garrison . | . . . . Intercept . | . . . . Searches Triggered . | . . . . Construction Impeded . | . . . . Haulers Reinforced . | . . . . Active Scanning Responses . | . . . . Cargo Convoy Interrupts . | . . . . Stealth | -11 -10 -10 -10 --------- Run | Yrd Mat Min Sub Distress Signals 3 | . 3 . . Communications Jammed . | . . . . Distress Signals . | . . . . Times Spotted 43 | . 18 13 12 Peak Tracking Total 5 | . 5 3 2 Tactical Retreats 3 | . 1 . 2 Traps | -11 -10 -10 -10 ------- Run | Yrd Mat Min Sub Traps Triggered 1 | . 1 . . Indirectly . | . . . . Trap Hack Attempts . | . . . . Triggered . | . . . . Disarmed . | . . . . Reprogrammed . | . . . . Reused . | . . . . Traps Extracted . | . . . . Installed . | . . . . Triggered . | . . . . Machines | -11 -10 -10 -10 ---------- Run | Yrd Mat Min Sub Machines Disabled 1 | . 1 . . Max in Single Turn 1 | . 1 . . Machines Repaired . | . . . . Machines Dismantled . | . . . . Machines Sabotaged . | . . . . Overloaded Fab Kills . | . . . . Hacking | -11 -10 -10 -10 --------- Run | Yrd Mat Min Sub Machines Accessed 4 | . 4 . . Terminals 4 | . 4 . . Fabricators . | . . . . Repair Stations . | . . . . Recycling Units . | . . . . Scanalyzers . | . . . . Garrison Access . | . . . . Total Hacks 10 | . 10 . . Successful 3 | . 3 . . Failed 7 | . 7 . . Catastrophic 1 | . 1 . . Database Lockouts . | . . . . Manual 8 | . 8 . . Terminals 10 | . 10 . . Fabricators . | . . . . Repair Stations . | . . . . Recycling Units . | . . . . Scanalyzers . | . . . . Garrison Access . | . . . . Terminal Hacks . | . . . . Fabricator Hacks . | . . . . Repair Station Hacks . | . . . . Recycling Unit Hacks . | . . . . Scanalyzer . | . . . . Garrison Access Hacks . | . . . . Unauthorized Hacks 3 | . 3 . . Terminals 3 | . 3 . . Botnet 3 | . 3 . . Fabricators . | . . . . Repair Stations . | . . . . Recycling Units . | . . . . Scanalyzers . | . . . . Garrison Access . | . . . . Data Cores Recovered . | . . . . Used . | . . . . Hacking Detections 3 | . 3 . . Full Trace Events 1 | . 1 . . Feedback Events . | . . . . Feedback Blocked . | . . . . Robot Schematics Acquired . | . . . . Robots Built . | . . . . Authchips . | . . . . Time . | . . . . Total Robot Build Rating . | . . . . Part Schematics Acquired . | . . . . Parts Built . | . . . . Authchips . | . . . . Time . | . . . . Total Part Build Rating . | . . . . Parts Repaired . | . . . . Time . | . . . . Parts Recycled . | . . . . Recycled Matter . | . . . . Retrieved Matter . | . . . . Retrieved Components . | . . . . Parts Scanalyzed . | . . . . Part Schematics Acquired . | . . . . Parts Damaged . | . . . . Bothacking | -11 -10 -10 -10 ------------ Run | Yrd Mat Min Sub Used RIF Installer . | . . . . Robots Hacked . | . . . . Non-combat . | . . . . Combat . | . . . . Robot Hacks Applied . | . . . . Relay Couplers Released . | . . . . Fabnet Peak Effective % . | . . . . Robots Rewired . | . . . . Allies Hacked . | . . . . Hacks Repelled . | . . . . Allies | -11 -10 -10 -10 -------- Run | Yrd Mat Min Sub Total Allies . | . . . . Largest Group . | . . . . Highest-Rated Group . | . . . . Highest-Rated Ally . | . . . . Total Orders . | . . . . Ally Attacks . | . . . . Total Damage . | . . . . Kills . | . . . . Allies Corrupted . | . . . . Allies Melted . | . . . . Intel | -11 -10 -10 -10 ------- Run | Yrd Mat Min Sub Robot Analysis Total . | . . . . Derelict Logs Recovered 3 | . . 2 1 Drone Launches . | . . . . Drone Recoveries . | . . . . Exploration | -11 -10 -10 -10 ------------- Run | Yrd Mat Min Sub Turns Passed 3909 | 97 891 1552 1369 Spaces Moved 1945 | 53 425 798 669 Core 16 | 16 . . . Treads 892 | 37 425 430 . Legs 1037 | . . 368 669 Wheels . | . . . . Hover . | . . . . Flight . | . . . . Fastest Speed 50 | 50 160 160 190 Average Speed 175 | 126 160 174 190 Slowest Speed 260 | 160 160 240 260 Overloaded Moves . | . . . . Propulsion Burnouts . | . . . . Robots Hopped . | . . . . Cave-ins Triggered . | . . . . Exploration Rate (%) 42 | 4 38 91 35 Regions Visited 3 Branch Regions 2 Pre-discovered Areas 3 | . . 2 1 Known Exits Taken 2 | . 1 1 . Unknown Exits Taken 1 | 1 . . . Scrap Searched 4 | . . 2 2 Spaces Dug 4 | . . 3 1 Terrain Destroyed 4 | . . 3 1 Melee 4 | . . 3 1 Projectile . | . . . . AOE . | . . . . Terrain Rammed . | . . . . Walls Destroyed . | . . . . Machines Disabled . | . . . . Actions | -11 -10 -10 -10 --------- Run | Yrd Mat Min Sub Total 2243 | 73 565 882 723 Wait 106 | . 86 13 7 Move 1942 | 52 424 797 669 Hop . | . . . . Pick Up 28 | 8 7 8 5 Fast Attach 1 | . . . 1 Attach 14 | 7 . 5 2 Detach 1 | . . 1 . Swap 5 | . 3 2 . Drop 4 | . 1 1 2 Fire 131 | 6 44 49 32 Melee 9 | . . 4 5 Ram . | . . . . Kick . | . . . . Crush . | . . . . Escape Stasis . | . . . . Rewire 2 | . . 2 . Trap . | . . . . Miscellaneous . | . . . . Route ------- -11/Scrapyard -10/Materials (discovered 2 exits: *Mat / *Min) -10/Mines (discovered 3 exits: *Mat x2 / *Sub) -10/Subcaves History --------- Turn | Location | Event 3 | -11/Scrapyard | Discovered new exit (range 15) 98 | -11/Scrapyard | Entered Materials 303 | -10/Materials | Build established: Mutant 431 | -10/Materials | Discovered new exit (range 16) 786 | -10/Materials | Discovered new exit (range 14) 953 | -10/Materials | Identified exit to Mines 989 | -10/Materials | Entered Mines 1015 | -10/Mines | Learned location of Zion (-6) 1127 | -10/Mines | Found a damaged Exp. Sensor Array with a note attached 1133 | -10/Mines | Found Prototype Device 1798 | -10/Mines | Received a Rocket Launcher from a helpful Derelict 1974 | -10/Mines | A weapon hastily lodged in a ceiling crevice suddenly fell to the ground 2082 | -10/Mines | Learned location of 1 exit from Materials 2089 | -10/Mines | Discovered new exit (range 6) 2113 | -10/Mines | Identified exit to Materials 2146 | -10/Mines | Discovered exit to Materials (range 13) 2154 | -10/Mines | Core integrity fell below 50% 2252 | -10/Mines | Learned location of Storage (-7) 2531 | -10/Mines | Discovered new exit (range 3) 2537 | -10/Mines | Identified exit to Subcaves 2541 | -10/Mines | Entered Subcaves 2929 | -10/Subcaves | Disturbed a concealed Subdweller 3191 | -10/Subcaves | Shifting Twisted Machinery released Sub. Shrapnel Launcher 3285 | -10/Subcaves | A swath of the cavern ceiling suddenly collapsed 3776 | -10/Subcaves | Core integrity fell below 20% 3910 | -10/Subcaves | Destroyed by KP-GDG(R) with Subdweller Laser Last Messages --------------- 03192_ Subatomizers dissect the Sub. Monowheel. 03223_ Acquired 3 matter. 03227_ Acquired 4 matter. 03233_ Subatomizers dissect the Sub. Monowheel. 03285_ Y-45 Defender crushed by falling debris. 03285_ Y-45 Defender destroyed. 03285_ 18 Matter crushed. A swath of the cavern ceiling suddenly collapses. 03496_ Subatomizers dissect the Sub. Machine Gun. 03608_ Acquired Ripper. 03751_ XU-YIU(h) destroyed. 03783_ NJ-C7A(R) suffers critical hit (Burn). 03789_ Aluminum Leg destroyed. 03793_ Lgt. Ion Engine destroyed. 03797_ NJ-C7A(R) destroyed. 03817_ Acquired Sub. Power Source. 03825_ Acquired 20 matter. 03896_ Beam Rifle destroyed. 03909_ Acquired derelict log, extracted data. World map confirmed: -7/Storage. Map ----- +----------------------------------------------------+ | ?????????????????????????????????????????????????? | | ?????????????????????????????????????????????????? | | ?????????????????????????????????????????????????? | | ?????????????????????????????????????????????????? | | ?????????????????????????????????????????????????? | | ?????????????????????????????????????????????????? | | ?????????????????????????????????????????????????? | | ?????????????????????????????????????????????????? | | ?????????????????????????????????????????????????? | | ?????????????????????????????????????????????????? | | ?????????????????????????????????????????????????? | | ????????????????##???????????????????????????????? | | #????????####### ###?????????????????????????????? | | #????????? % %% ??????????????????????????????? | | ##????????? ???????????????????????????????? | | ##????????# ????????????????????????????????? | | #????????# ! #??? ?????????????????????????????? | | #?????????#%#???# ?????????????????????????????? | | ##???????## #???# ?????????????????????????????? | | ##??????# #???# ?????????????????????????????? | | ##??##### #???# ?????????????????????????????? | | #### ### #??## ?????????????????????????????? | | ##%&##?# ?###?????????????????????????? | | & #?## ## #####?????????????????????? | | ##?# ## #####?????????????????? | | #### ##????# @ ## ???????? | | ##??# ####???### RR ???????? | | ##???# ####?## # # ???????? | | #????## ### ###### ???????? | | #?????# ##?????? ????????? | | #?????## ## #???????? ????????? | | ???????##### #?????????# ?????????? | | ???????????## """" #???????? ?????????? | | ????????????# """""" #????????? #??????????? | | ????????????# """"""##???????????#??????????? | | ????????????# """" "#???????????????????????? | | ????????????# ###???????????????????????? | | ????????????# ####?????????????????????????? | | ????????????# ###????????????????????????????? | | ????????????# #??????????????????????????????? | | ????????????# " #??????????????????????????????? | | ????????????"# ## #??????????????????????????????? | | ????????????? "# #??????????????????????????????? | | ?????????????""##"#??????????????????????????????? | | ?????????????????" ??????????????????????????????? | | ?????????????????????????????????????????????????? | | ?????????????????????????????????????????????????? | | ?????????????????????????????????????????????????? | | ?????????????????????????????????????????????????? | | ?????????????????????????????????????????????????? | +----------------------------------------------------+ Best States ------------- Heat Dissipation 25 Energy Generation 15 Energy Capacity 200 Matter Stores 300 Matter Capacity 300 Sight Range 16 Terrain Scan Density 10 Evasion (%) 50 Recoil Reduction 2 Item Schematics ----------------- None Robot Schematics ------------------ None Fabricated ------------ Nothing Alien Tech Used ----------------- None Achievements -------------- None Challenges ------------ None Game ------ Seed SurveybotMinesnifferSystem Manual? 0 Play Time 00:27:17 Cumulative 14.9 hours Start 2024.04.02 @ 18:35:47 End 2024.04.02 @ 19:29:37 Sessions 1 Manual Loads 0 Difficulty Rogue Special Mode None Game No. 29 Rogue 29 Adventurer 0 Explorer 0 Win Type - Total 0 Types 0/0/0/0/0/0/0/0/0 Lore% 10 Gallery% 20 Achievement% 19 Wizard Run 0 Options --------- Layout 0 ASCII 0 Keyboard 1 Movement Arrows Keybinds 0 Fullscreen 1 Font 24/Smallcaps Map View 76x50 Zoom Use 0% Tactical HUD 1 Map Filters NONE Filters NONE Steam 1 RUN: 412a852b-86af-475e-89dd-b18830edabd0